Map: Orbital Shipyard

Players

LilDicky

  • Race: Terran Terran
  • League: Diamond

LVblazeJC - Winner!

  • Race: Zerg Zerg
  • League: Platinum

VOD

http://www.twitch.tv/tumescentpie

Description

Time

  • Played on: Jan. 3, 2016, 2:04 a.m.
  • Length: 27:49
Show
View Real Time Build Order
Export as new Build Order

LilDicky Terran 

Build Orders: Command Center First (CC), Mech 

Get SALT Encoding   

  12  0:04  SCV  
  13  0:16  SCV  
  14  0:22  Supply Depot  
  14  0:28  SCV  
  15  0:44  SCV  
  16  0:58  Command Center  
  16  1:04  SCV  
  17  1:14  Barracks  
  17  1:16  SCV  
  18  1:28  SCV  
  19  1:40  SCV  
  20  1:52  SCV  
  21  1:59  Command Center  
  21  2:01  Marine  
  21  2:05  Orbital Command  
  22  2:13  Supply Depot  
  24  2:27  Orbital Command  
  24  2:29  Marine  
  23  2:36  SCV  
  24  2:48  SCV  
  25  2:51  Refinery  
  25  2:53  Refinery  
  25  2:54  SCV  
  25  2:55  Marine  
  25  2:57  Refinery  
  27  3:00  SCV  
  28  3:13  Orbital Command, Marine  
  28  3:18  SCV  
  28  3:19  SCV  
  31  3:30  SCV, Marine  
  31  3:31  SCV  
  34  3:39  SCV  
  35  3:42  SCV  
  35  3:43  SCV  
  37  3:50  Marine  
  38  3:56  SCV x3  
  41  4:06  Factory  
  41  4:08  SCV  
  42  4:10  Command Center  
  42  4:21  SCV x2  
  42  4:23  Marine  
  45  4:31  SCV  
  45  4:33  SCV  
  45  4:35  SCV  
  48  4:41  Marine  
  48  4:43  Orbital Command  
  48  4:45  Factory, Refinery  
  49  4:46  Factory  
  49  4:49  Supply Depot  
  49  4:50  Supply Depot, Factory Tech Lab  
  49  4:59  Marine  
  50  5:03  SCV  
  50  5:04  Bunker  
  50  5:05  SCV  
  52  5:11  SCV  
  53  5:16  SCV  
  53  5:17  SCV, Marine  
  56  5:23  Armory, SCV  
  56  5:24  Armory, Orbital Command  
  56  5:28  SCV  
  58  5:31  Factory Reactor x2  
  58  5:32  Siege Tank  
  58  5:34  Marine  
  62  5:40  SCV x2  
  62  5:41  SCV, Supply Depot  
  65  5:43  Supply Depot x2  
  65  5:44  Refinery  
  65  5:45  Refinery  
  65  5:52  SCV, Marine  
  65  5:53  SCV  
  65  5:55  SCV  
  65  5:56  SCV  
  70  6:04  Siege Tank  
  73  6:11  Widow Mine x2  
  73  6:12  Widow Mine x2  
  73  6:17  Drilling Claws  
  81  6:29  Command Center  
  81  6:31  Engineering Bay  
  81  6:33  Supply Depot, Marine  
  81  6:35  SCV  
  83  6:41  Command Center, Siege Tank, Widow Mine x2  
  83  6:42  Widow Mine x2  
  83  6:43  SCV  
  83  6:44  Command Center  
  95  6:49  SCV  
  95  6:50  SCV  
  95  6:51  Marine  
  95  6:53  SCV  
  99  7:09  Widow Mine, Marine  
  100  7:27  Marine  
  100  7:32  Widow Mine  
  100  7:33  Widow Mine x2  
  100  7:34  SCV, Hellion  
  109  7:40  Factory  
  109  7:42  Factory  
  109  7:46  SCV x2  
  109  7:49  SCV  
  112  7:52  Terran Vehicle And Ship Armor Level 1, Terran Vehicle Weapons Level 1  
  112  7:53  SCV  
  112  7:54  Orbital Command  
  112  7:55  Command Center  
  112  7:58  SCV  
  114  8:00  Missile Turret  
  114  8:03  Command Center  
  114  8:07  Command Center  
  114  8:11  Planetary Fortress  
  114  8:19  SCV x3  
  117  8:22  Orbital Command  
  117  8:25  Factory Tech Lab x2  
  117  8:30  Hellion x2  
  121  8:34  Missile Turret  
  121  8:35  Missile Turret  
  121  8:41  Factory Tech Lab  
  121  8:44  SCV  
  122  8:50  Refinery  
  122  8:52  Refinery  
  122  8:54  Thor x2  
  134  8:57  Missile Turret  
  134  9:01  Starport  
  134  9:02  Starport  
  134  9:04  Missile Turret x2  
  134  9:09  Missile Turret  
  134  9:19  Planetary Fortress  
  134  9:26  Barracks  
  134  9:29  Missile Turret  
  134  9:30  Missile Turret x2  
  134  9:32  Planetary Fortress  
  134  9:33  Missile Turret  
  134  9:37  Hellion x2  
  138  10:11  Missile Turret  
  138  10:15  Refinery x2  
  138  10:16  Marine  
  138  10:19  Thor  
  138  10:20  Thor, Missile Turret  
  149  10:22  Command Center, Hellbat x3  
  149  10:23  Hellbat  
  149  10:25  Command Center  
  157  10:30  Command Center  
  157  10:32  SCV  
  157  10:33  SCV x4  
  157  10:34  Missile Turret x3, Marine  
  163  10:47  Thor, Widow Mine x2  
  163  10:48  Widow Mine x2  
  163  10:49  Missile Turret  
  177  11:02  Thor x2  
  177  11:03  Starport Reactor  
  182  11:11  Missile Turret  
  182  11:13  Missile Turret  
  182  11:16  Viking, Widow Mine  
  182  11:18  Widow Mine x2  
  189  11:35  Missile Turret  
  189  11:36  Missile Turret  
  189  11:39  Viking x2  
  193  11:46  Viking  
  185  11:57  Starport  
  185  12:00  Starport  
  185  12:01  Starport  
  185  12:09  Planetary Fortress, Viking x2  
  185  12:10  Planetary Fortress  
  185  12:14  Refinery x2  
  172  12:40  Thor x2, Hellion x2, Widow Mine x2  
  164  12:45  Viking x3  
  118  13:14  Viking  
  118  13:15  Viking  
  118  13:18  Missile Turret  
  118  13:19  Missile Turret  
  116  13:21  Starport  
  116  13:22  Widow Mine x3  
  116  13:23  Hellion x2, Starport Reactor, Widow Mine x2  
  127  13:31  Refinery  
  127  13:33  Refinery  
  127  13:36  Missile Turret  
  127  13:37  Missile Turret  
  127  13:41  Missile Turret  
  127  13:43  Widow Mine x2  
  127  13:44  Viking  
  127  13:45  Viking  
  135  13:51  Widow Mine x3  
  107  14:10  Viking x2  
  107  14:12  Widow Mine x3  
  107  14:13  Widow Mine  
  107  14:14  Viking  
  107  14:15  Viking  
  107  14:16  Starport Tech Lab, Starport Reactor x2  
  109  14:19  Widow Mine x3  
  109  14:20  Terran Vehicle And Ship Armor Level 2, Terran Ship Weapons Level 1  
  113  14:40  Viking x2  
  113  14:41  Viking, Widow Mine  
  113  14:44  Missile Turret  
  119  14:48  Command Center, Missile Turret  
  111  14:52  Missile Turret  
  111  14:54  Thor x3, Hellion x2  
  133  15:10  Viking x2  
  127  15:26  Command Center, Missile Turret  
  103  15:37  Siege Tank x2  
  103  15:40  Widow Mine x2  
  103  15:41  Viking  
  103  15:42  Viking x3  
  119  15:44  Viking  
  119  16:00  Planetary Fortress  
  119  16:05  SCV  
  119  16:06  SCV  
  115  16:33  Hellion x2, Siege Tank, Widow Mine x2  
  115  16:34  Siege Tank  
  128  16:46  Refinery  
  122  16:50  Refinery  
  85  16:59  Terran Vehicle And Ship Armor Level 3  
  85  17:01  Terran Vehicle Weapons Level 2  
  78  17:07  Liberator x5  
  78  17:08  Liberator x4  
  78  17:16  Thor x3  
  78  17:17  Hellion  
  78  17:18  Hellion, Marine  
  78  17:21  Terran Infantry Weapons Level 1  
  119  17:45  Command Center  
  119  17:46  SCV x2  
  109  17:59  Thor x2  
  121  18:10  Hellion  
  121  18:11  Hellion x4  
  127  18:32  Hellion x3  
  127  18:33  Hellion x2  
  136  18:36  Planetary Fortress  
  136  18:40  Missile Turret  
  136  18:41  Missile Turret  
  135  18:42  Hellion x2  
  135  18:46  Planetary Fortress  
  63  19:35  Terran Ship Weapons Level 2  
  63  19:38  Thor x3, Widow Mine x2  
  63  19:39  Widow Mine  
  87  19:52  Supply Depot  
  87  19:54  Supply Depot x2  
  68  20:34  Thor  
  68  20:35  Thor x2  
  72  21:21  Engineering Bay  
  71  21:28  Hellion x2, Siege Tank, Widow Mine  
  71  21:29  Siege Tank x2  
  71  21:30  Banshee  
  60  22:51  Command Center  
  60  22:54  Missile Turret  
  60  22:55  Missile Turret  
  60  22:56  Missile Turret  
  60  23:39  Command Center  
  51  23:54  Hellion x4  
  51  23:55  Hellion  
  61  24:08  Siege Tank x2  
  67  24:16  Siege Tank  
  47  24:44  Banshee  
  50  24:47  Viking x2  
  50  24:51  Hellion  
  56  25:13  Engineering Bay  
  56  25:27  Banshee  
  50  25:58  Hellion x5  
  50  25:59  Hellion x2  
  60  26:10  Cloaking Field  
  58  26:18  Planetary Fortress  
  58  26:19  Hellion  
  58  26:25  Refinery  
  41  27:18  Widow Mine x3  
Show
View Real Time Build Order
Export as new Build Order

LVblazeJC Zerg - Winner!

Build Orders: Hatch First 

Get SALT Encoding   

  12  0:01  Drone  
  13  0:12  Overlord  
  13  0:17  Drone  
  14  0:31  Drone x2  
  14  0:35  Drone  
  17  0:57  Hatchery, Drone  
  18  0:59  Drone  
  18  1:02  Extractor  
  17  1:15  Spawning Pool  
  17  1:17  Drone  
  17  1:21  Drone  
  18  1:28  Drone  
  19  1:39  Overlord  
  19  2:02  Zergling x4  
  19  2:04  Queen  
  23  2:08  Queen  
  23  2:09  Metabolic Boost  
  23  2:13  Drone x2  
  27  2:24  Drone x2  
  29  2:39  Hatchery  
  28  2:56  Drone  
  28  2:57  Drone x5  
  33  3:14  Overlord  
  33  3:15  Overlord  
  33  3:40  Roach Warren  
  32  3:52  Drone x2  
  32  3:53  Drone, Extractor  
  34  3:57  Queen  
  34  3:58  Baneling Nest  
  34  4:02  Drone x4  
  39  4:03  Drone x2  
  39  4:05  Drone x4  
  45  4:15  Drone x2  
  47  4:21  Drone x2  
  49  4:32  Spore Crawler  
  49  4:35  Spore Crawler  
  47  4:44  Lair  
  47  4:46  Drone x2  
  47  4:50  Evolution Chamber  
  47  4:52  Evolution Chamber  
  47  5:00  Spine Crawler  
  47  5:04  Extractor  
  47  5:06  Roach x7  
  58  5:07  Zergling x2, Extractor  
  58  5:10  Overlord x5  
  58  5:41  Drone x3  
  62  5:42  Drone  
  62  5:43  Drone x2  
  62  5:44  Drone x3  
  62  5:45  Drone  
  68  5:52  Spire  
  67  6:01  Drone  
  67  6:02  Drone x6  
  67  6:03  Drone  
  75  6:21  Zerg Melee Weapons Level 1  
  75  6:22  Zerg Ground Armor Level 1  
  75  6:23  Centrifical Hooks  
  75  6:24  Zergling x10  
  75  6:25  Zergling x14  
  86  6:26  Zergling x2  
  88  6:34  Drone, Extractor  
  88  6:35  Drone, Extractor  
  88  6:54  Drone  
  89  6:55  Drone x3  
  89  6:56  Drone, Infestation Pit  
  89  6:57  Drone x2  
  89  6:58  Drone x4  
  98  7:07  Zerg Flyer Weapons Level 1  
  96  7:29  Overseer x2  
  96  7:34  Overlord x2  
  96  7:35  Overlord x4  
  96  7:36  Overlord  
  96  7:39  Hive  
  96  8:00  Zergling x10  
  96  8:01  Corruptor x3  
  96  8:02  Corruptor x5  
  117  8:14  Baneling x6  
  117  8:15  Baneling x6  
  117  8:16  Zergling x6, Baneling  
  117  8:17  Zergling x2  
  121  8:22  Baneling x2  
  121  8:23  Baneling x5  
  121  8:24  Baneling  
  121  8:47  Corruptor  
  121  8:48  Corruptor x3  
  123  8:50  Zergling x4  
  123  8:51  Zergling x12  
  123  8:52  Overlord, Zergling x4  
  123  8:53  Overlord  
  139  9:06  Greater Spire  
  139  9:10  Adrenal Glands  
  139  9:12  Overlord x5  
  139  9:13  Overlord  
  139  9:14  Zergling x2  
  139  9:15  Zergling x10  
  145  9:26  Drone  
  146  9:51  Hatchery  
  145  10:18  Hatchery  
  144  10:25  Brood Lord x2  
  144  10:26  Brood Lord x5  
  144  10:27  Brood Lord  
  161  10:28  Zergling x6  
  161  10:29  Zergling x12  
  161  10:30  Zergling x12  
  161  10:31  Baneling x2  
  161  10:32  Baneling  
  161  10:33  Baneling  
  175  10:41  Burrow  
  175  10:42  Overseer  
  175  11:21  Zerg Flyer Weapons Level 2  
  175  11:23  Zerg Melee Weapons Level 2  
  175  11:24  Zerg Ground Armor Level 2  
  175  11:29  Queen  
  175  11:30  Drone  
  175  11:31  Drone x6  
  175  11:32  Drone  
  185  11:33  Zergling x12  
  190  11:55  Corruptor x4  
  179  12:37  Corruptor  
  179  12:38  Corruptor x6  
  179  12:39  Corruptor x2  
  172  12:49  Corruptor  
  128  13:06  Hatchery  
  128  13:10  Extractor  
  128  13:12  Extractor  
  123  13:13  Spine Crawler  
  123  13:14  Spine Crawler  
  123  13:17  Spore Crawler  
  114  13:25  Brood Lord x4  
  123  13:27  Zergling x10  
  123  13:28  Zergling x14  
  123  13:29  Zergling x4  
  134  13:58  Zergling x10  
  134  13:59  Zergling x6  
  140  14:08  Zerg Flyer Weapons Level 3  
  132  14:17  Overseer  
  132  14:37  Overlord, Corruptor x5  
  142  14:49  Spine Crawler  
  141  14:55  Zerg Melee Weapons Level 3  
  141  14:56  Zerg Ground Armor Level 3  
  141  15:01  Hatchery, Ultralisk Cavern  
  139  15:28  Corruptor x6  
  145  15:39  Zergling x4  
  145  15:40  Zergling x12  
  153  15:47  Chitinous Plating  
  153  16:17  Hatchery  
  133  16:54  Brood Lord  
  133  16:55  Brood Lord x4  
  133  16:56  Brood Lord  
  145  17:01  Drone x14  
  145  17:17  Hatchery  
  145  17:21  Drone x3  
  147  17:40  Ultralisk x4  
  147  17:41  Zergling x6  
  147  17:42  Zergling x12  
  147  17:43  Zergling x12  
  147  17:44  Zergling x8  
  186  17:55  Queen  
  186  17:58  Extractor  
  187  18:00  Spine Crawler x2, Extractor  
  187  18:01  Spine Crawler  
  183  18:07  Spore Crawler, Spine Crawler, Drone  
  183  18:08  Drone x2  
  181  18:36  Drone  
  181  18:37  Drone x6  
  181  18:38  Drone x2  
  177  19:13  Zerg Missile Weapons Level 1  
  126  19:41  Ultralisk x4  
  126  19:42  Ultralisk x2, Zergling x2  
  126  19:43  Zergling x12  
  126  19:44  Zergling x6  
  166  20:11  Corruptor x3  
  166  20:12  Corruptor x3  
  170  20:31  Corruptor x2  
  170  20:32  Corruptor x2  
  146  20:48  Corruptor  
  146  20:49  Corruptor x3  
  122  21:21  Corruptor  
  122  21:22  Corruptor x2  
  129  21:32  Drone  
  129  21:33  Drone x6  
  129  21:34  Drone x6  
  129  21:38  Spine Crawler  
  140  21:40  Spine Crawler  
  140  21:41  Spore Crawler  
  138  21:52  Spine Crawler  
  135  22:06  Ultralisk x2  
  141  22:16  Extractor  
  141  22:21  Extractor  
  124  22:38  Zergling x12  
  124  22:39  Zergling x12  
  124  22:40  Ultralisk, Zergling x2  
  124  22:41  Ultralisk, Zergling x4  
  124  22:42  Zergling x2  
  146  22:55  Brood Lord  
  136  23:15  Hatchery  
  136  23:16  Hatchery  
  134  23:20  Brood Lord  
  134  23:21  Brood Lord  
  121  24:31  Zerg Flyer Armor Level 1  
  118  24:55  Hatchery  
  117  25:01  Ultralisk x2, Zergling x2  
  117  25:02  Zergling x12  
  117  25:03  Hatchery, Zergling x2  
  117  25:04  Zergling x4  
  117  25:05  Zergling x2  
  138  25:12  Extractor  
  124  25:14  Spine Crawler  
  124  25:16  Extractor  
  116  25:23  Drone x5  
  116  25:24  Drone x6  
  116  25:25  Drone x5  
  129  25:54  Drone x3  
  127  26:11  Spine Crawler  
  126  26:12  Spine Crawler  
  126  26:13  Spine Crawler  
Tags
 
Add a new tag
Caveats
  • Supply blocks, unpowered buildings, or Contaminate may cause inaccurate times.
  • Supply counts are checked every 10 seconds.